 Dungeon Crawl Stone Soup version 0.31.0-9-g3a7656b989 (webtiles) character file.

Game seed: 12088323759078095509

770 RKaid the Ruffian (level 7, -3/48 HPs)
             Began as an Octopode Shapeshifter on Jan 25, 2024.
             Slain by a bullfrog (5 damage)
             ... in a sewer.
             The game lasted 00:13:48 (4444 turns).

RKaid the Ruffian (Octopode Shapeshifter)           Turns: 4444, Time: 00:13:48

Health: -3/48      AC:  1    Str: 16    XL:     7   Next: 82%
Magic:  7/7        EV: 10    Int: 12    God:
Gold:   69         SH:  3    Dex: 11    Spells: 6/6 levels left

rFire   + .          .
                       - Unarmed
rCold   . . .        r - +0 buckler
rNeg    . . .        (helmet currently unavailable)
rPois   .            (no amulet)
rElec   .            l - ring of willpower
rCorr   .            k - ring of fire {rF+, rC-}
SInv    .            v - ring of protection from cold {rC+}
Will    +....        (no ring)
Stlth   +++          (no ring)
HPRegen 0.28/turn    (no ring)
MPRegen 0.10/turn    (no ring)
                     (no ring)

%: no passive effects
@: beast-form, constricted
A: beast (slay +2), almost no armour, amphibious, 8 rings, camouflage 1,
gelatinous body 1, nimble swimmer 1, tentacles
a: Begin Untransformation


You were in a sewer.
You were a hulking beast.
You visited 1 branch of the dungeon, and saw 5 of its levels.
You also visited: Sewer.

You collected 134 gold pieces.
You spent 65 gold pieces at shops.

Inventory:

Missiles
 j - a throwing net {=f}
Armour
 r - a +0 buckler (worn)
   (You found it on level 3 of the Dungeon)
Jewellery
 k - a ring of fire (right tentacle) {rF+, rC-}
   (You found it on level 2 of the Dungeon)
 l - a ring of willpower (left tentacle)
   (You found it on level 2 of the Dungeon)
 v - a ring of protection from cold (on tentacle) {rC+}
   (You found it on level 4 of the Dungeon)
Talismans
 b - a beast talisman
 d - a flux talisman
Wands
 s - a wand of iceblast (20)
   (You found it on level 3 of the Dungeon)
Scrolls
 f - a scroll of enchant armour {unknown}
 g - a scroll of acquirement {unknown}
 i - 2 scrolls of identify
 m - a scroll of blinking {unknown}
 p - a scroll of amnesia {unknown}
 q - a scroll of enchant weapon {unknown}
 w - a scroll of fog {unknown}
 x - a scroll of fear {unknown}
 y - a scroll of brand weapon {unknown}
Potions
 a - 2 potions of lignification {!q}
 c - 2 potions of curing
 e - a potion of berserk rage {unknown}
 h - a potion of heal wounds
 n - 3 potions of enlightenment {unknown}
 o - a potion of cancellation {unknown}
 t - a potion of might {unknown}
 u - 2 potions of degeneration {unknown}


   Skills:
 + Level 4.2 Fighting
 + Level 4.6 Dodging
 + Level 5.1 Unarmed Combat
 + Level 4.8 Shapeshifting


You had 6 spell levels left.
You didn't know any spells.
Your spell library was empty.

Dungeon Overview and Level Annotations

Branches:
Dungeon (5/15)              Sewer (1/1)
 Temple: D:4-7

Altars:
Gozag

Shops:
D:1 *

Annotations:
D:3 1 runed translucent door, iamserjio's ghost, weakling DEGl
D:4 1 runed translucent door, exclusion: downstairs, Crazy Yiuf


Innate Abilities, Weirdness & Mutations

You are a hulking beast.
Your limbs bulge with bestial killing power. (Slay +2)
You cannot wear most types of armour.
You are amphibious.
You can wear up to eight rings at the same time.
Your skin changes colour to match your surroundings (Stealth+).
Your rubbery body absorbs attacks. (AC +1, EV +1)
You are camouflaged when in or above water. (Stealth+)
You have tentacles for arms and can constrict up to eight enemies at once.


Message History

You tentacle-slap the rat.
You kill the rat!
No target in view!
No target in view!
No target in view!
You open the door.
There is an open door here.
n - 2 lumpy silvery potions (gained 1)
n - 3 lumpy silvery potions (gained 1)
g - a scroll labelled ZEMOSEKEFO
There is an open door here.
You enter the deep water.
An endoplasm and 2 ball pythons come into view.
The ball python hisses angrily.
You hear an angry hiss.
The endoplasm quivers.
The ball python hisses angrily.
A frilled lizard comes into view.
The ball python moves out of view.
An adder comes into view.
A bullfrog comes into view. x2; An adder comes into view.
The bullfrog moves out of view.
The ball python bites you. The ball python grabs you.
The ball python constricts you.
You escape the ball python's grasp.
The bullfrog croaks.
The adder hisses angrily.
The ball python attacks as it pursues you!
The ball python bites you. The ball python barely misses you.
The ball python bites you. You block the ball python's attack.
The ball python closely misses you. The ball python barely misses you.
The bullfrog closely misses you.
The ball python attacks as it pursues you!
The ball python barely misses you. The ball python grabs you.
The ball python constricts you.
The ball python attacks as it pursues you!
The ball python closely misses you. The ball python bites you.
The ball python constricts you. The bullfrog barely misses you.
You escape the ball python's grasp.
The ball python attacks as it pursues you!
The ball python closely misses you. The ball python grabs you.
The ball python constricts you. The bullfrog attacks as it pursues you!
The bullfrog closely misses you. You block the ball python's attack.
The ball python constricts you.
You escape the ball python's grasp.
The bullfrog misses you.
You bludgeon the bullfrog! You grab the bullfrog. You constrict the bullfrog.
The bullfrog hits you! You block the adder's attack.
The ball python barely misses you. The ball python completely misses you.
The ball python misses you. x2; You block the bullfrog's attack.
You release your grip on the bullfrog.
The adder bites you. The bullfrog attacks as it pursues you!
The bullfrog completely misses you.
You barely miss the bullfrog. Your grab misses the bullfrog.
The bullfrog hits you. The ball python barely misses you.
You block the ball python's attack. The adder barely misses you.
The bullfrog barely misses you.
You miss the adder.
The bullfrog gives a loud, deep croak!
You grab the adder. You constrict the adder.
The ball python bites you but does no damage.
The ball python barely misses you. The bullfrog barely misses you.
The adder closely misses you.
You bludgeon the bullfrog! Your grab misses the bullfrog.
You constrict the adder. The bullfrog hits you! The ball python bites you.
You block the ball python's attack. The adder closely misses you.
The adder barely misses you. The bullfrog misses you.
You release your grip on the adder.
The adder attacks as it pursues you! The adder barely misses you.
The adder bites you but does no damage. The ball python misses you.
The ball python closely misses you. The adder barely misses you.
As you read the scroll labelled HAPSER RICS, it crumbles to dust.
It is a scroll of identify.
d - 4 potions of curing;
c - 4 potions of curing;
d - a flux talisman
i - 2 scrolls of identify;
q - a scroll labelled ITHRI TI WAO The adder bites you. x2; The ball python barely misses you.
The ball python closely misses you.
You feel better. The adder closely misses you. The adder bites you.
You are poisoned.
The adder poisons you! The ball python completely misses you.
The ball python grabs you. The ball python constricts you.
The bullfrog closely misses you. The bullfrog hits you.
The adder barely misses you. The adder closely misses you.
You tentacle-slap the bullfrog. Your grab misses the bullfrog.
You feel sick. The bullfrog completely misses you. The ball python bites you.
The ball python constricts you. The bullfrog misses you. The adder bites you.
You are more poisoned.
The adder poisons you! The adder bites you.
* * * LOW HITPOINT WARNING * * *
The bullfrog hits you.
* * * LOW HITPOINT WARNING * * *
The bullfrog hits you.
* * * LOW HITPOINT WARNING * * *
The ball python bites you.
* * * LOW HITPOINT WARNING * * *
The ball python constricts you.
You feel better. The adder bites you.
* * * LOW HITPOINT WARNING * * *
The bullfrog hits you.
* * * LOW HITPOINT WARNING * * *
The adder bites you.
* * * LOW HITPOINT WARNING * * *
The bullfrog hits you.
You die...

######################
....≈≈≈≈≈≈~~~≈≈≈≈≈~#.###
S...≈≈≈≈≈~..~≈≈≈~≈~....##
....~≈~~~≈≈~#~~~≈≈≈.....#
....≈~~~≈J≈≈≈≈≈S~~~.....#
....~≈≈~≈≈≈≈≈≈SSF~~.....##
....~≈≈≈≈≈≈≈≈lShF≈≈#.....#
+####################....#
####...## #..#....#
#..'....# #####...# ##...##
####################....#
###..≈~≈~≈≈≈≈≈≈~~~≈~#.....#


You could see 2 bullfrogs, 2 adders, an endoplasm, 2 ball pythons and a frilled
lizard.

Vanquished Creatures
  Menkaure (D:4)
  2 ogres
  2 bombardier beetles
  A hound (D:5)
  An orc priest (D:4)
  An iguana (D:5)
  An orc wizard (D:4)
  9 adders
  4 gnolls (D:2)
  8 river rats (Sewer)
  A ribbon worm (D:2)
  3 dart slugs
  8 orcs
  12 ball pythons
  9 endoplasms
  3 giant cockroaches
  5 hobgoblins
  3 jackals (D:1)
  7 kobolds
  3 quokkas (D:3)
  5 bats
  9 frilled lizards
  3 goblins
  13 rats
114 creatures vanquished.

Notes
Turn   | Place    | Note
-------+----------+-------------------------------------------
     0 | D:1      | RKaid the Octopode Shapeshifter began the quest for the
                  | Orb.
     0 | D:1      | Reached XP level 1. HP: 13/13 MP: 1/1
   104 | D:1      | Reached XP level 2. HP: 18/18 MP: 2/2
   249 | D:1      | Found Ufemuyrr's General Store.
   679 | D:1      | Reached XP level 3. HP: 13/23 MP: 3/3
  1101 | D:2      | Reached skill level 2 in Fighting
  1204 | D:2      | Reached XP level 4. HP: 29/29 MP: 4/4
  1475 | D:2      | Found a faded altar of an unknown god.
  1891 | D:3      | Reached skill level 3 in Dodging
  1982 | D:3      | Reached XP level 5. HP: 31/35 MP: 5/5
  2007 | D:3      | Noticed iamserjio's ghost (weakling DEGl)
  2008 | D:3      | Found a runed translucent door.
  2712 | D:4      | Reached skill level 4 in Unarmed Combat
  2739 | D:4      | Noticed Menkaure
  2754 | D:4      | Killed Menkaure
  2755 | D:4      | Reached skill level 3 in Fighting
  2755 | D:4      | Reached skill level 4 in Shapeshifting
  2755 | D:4      | Reached XP level 6. HP: 13/42 MP: 6/6
  3168 | D:4      | Found an opulent altar of Gozag.
  3204 | D:4      | Found a runed translucent door.
  3205 | D:4      | Noticed Crazy Yiuf
  3407 | D:1      | Bought a potion of heal wounds for 65 gold pieces
  3710 | D:4      | Reached skill level 4 in Dodging
  3710 | D:4      | Reached XP level 7. HP: 47/47 MP: 7/7
  3844 | D:5      | Entered Level 5 of the Dungeon
  4007 | D:5      | Reached skill level 4 in Fighting
  4014 | D:5      | Found a glowing drain.
  4069 | Sewer    | Entered a sewer
  4195 | Sewer    | Reached skill level 5 in Unarmed Combat
  4249 | Sewer    | HP: 10/48 [river rat (3)]
  4257 | Sewer    | HP: 10/48 [adder (3)]
  4259 | Sewer    | HP: 2/48 [river rat (4)]
  4443 | Sewer    | HP: 10/48 [bullfrog (3)]
  4443 | Sewer    | HP: 4/48 [bullfrog (6)]
  4444 | Sewer    | Slain by a bullfrog

Illustrated notes

Levels and vault maps discovered:
D:1:      psy_arrival_fountain, layout_loops_ring, serial_shops, shop,
          kennysheep_nondescript
D:2:      layout_loops_ring, dreamdust_ecumenical_altar_statues,
          minmay_tetromino_i2
D:3:      layout_basic, hellmonk_ghost_happy_afterlife
D:4:      layout_cave_pools, mainiacjoe_overflow_six_doors_small,
          minmay_misc_feat_x, minmay_misc_feat_more_columns,
          chequers_serial_rivers_small_a, uniq_menkaure, uniq_crazy_yiuf_cottage
D:5:      corexii_shantytown, layout_rooms, lemuel_doored_altar,
          nicolae_overflow_crystal_walls, portal_sewer_entry_d
Sewer:    sewer_minmay_w

Skill      XL: |  1  2  3  4  5  6  7 |
---------------+----------------------+-----
Fighting       | 2 3 4 |  4.2
Dodging        | 3 4 |  4.6
Unarmed Combat | 4 5 |  5.1
Shapeshifting  | 4 |  4.8

Action                     |  1- 3 |  4- 6 |  7- 9 || total
---------------------------+-------+-------+-------++-------
  Melee: Unarmed           |    64 |    98 |    60 ||   222
         Constrict         |    15 |    28 |    19 ||    62
         Tentacles         |    11 |    26 |    21 ||    58
         Punch             |     1 |     6 |     3 ||    10
  Evoke: Wand              |       |     2 |     2 ||     4
    Use: Potion            |       |       |     4 ||     4
         Scroll            |       |       |     1 ||     1
   Stab: Sleeping          |     7 |    15 |       ||    22
 Armour: Skin              |    33 |    25 |    61 ||   119
  Dodge: Dodged            |    29 |    43 |    84 ||   156
  Block: Buckler           |       |     4 |    18 ||    22

Table legend: (Time is in decaauts)
 A = Elapsed time spent in this place.
 B = Non-inter-level travel time spent in this place.
 C = Inter-level travel time spent in this place.
 D = Time resting spent in this place.
 E = Time spent auto-exploring this place.
 F = Levels seen in this place.
 G = Mean time per level.
                   A        B        C        D        E       F      G
               +--------+--------+--------+--------+--------+-----+--------+
         Total |   4434 |   4031 |    403 |    735 |   2331 |   6 |  739.0 |
       Dungeon |   4062 |   3659 |    403 |    608 |   2296 |   5 |  812.4 |
         Sewer |    372 |    372 |      0 |    127 |     35 |   1 |  372.0 |
               +--------+--------+--------+--------+--------+-----+--------+

Top non-repeatable levels by time:
     D:4: 1041 daAuts
     D:3: 994 daAuts
     D:1: 983 daAuts
     D:2: 951 daAuts
   Sewer: 372 daAuts
     D:5: 93 daAuts

Table legend:
 A = Kills in this place as a percentage of kills in the entire game.
 B = Kills by you in this place as a percentage of kills by you in the entire game.
 C = Kills by friends in this place as a percentage of kills by friends in the entire game.
 D = Other kills in this place as a percentage of other kills in the entire game.
 E = Experience gained in this place as a percentage of experience gained in the entire game.
 F = Experience gained in this place divided by the number of levels of this place that you have seen.
                   A       B       C       D       E      F
               +-------+-------+-------+-------+-------+----------------------
         Total | 100.0 | 100.0 |   N/A |   N/A | 100.0 | 183.3
       Dungeon |  76.3 |  76.3 |   N/A |   N/A |  86.4 | 190.0
         Sewer |  23.7 |  23.7 |   N/A |   N/A |  13.6 | 150.0
               +-------+-------+-------+-------+-------+----------------------
